 Dungeon Crawl Stone Soup version 0.19-a0-1007-g133f65f (webtiles) character file.

16762 epen the Transmogrifier (level 12, -6/116 HPs)
             Began as a Black Draconian Transmuter on July 20, 2016.
             Was a High Priest of Makhleb.
             Mangled by a yak (13 damage)
             ... on level 2 of the Lair of Beasts.
             The game lasted 00:34:18 (14581 turns).

epen the Transmogrifier (DrTm)                     Turns: 14581, Time: 00:34:19

Health: -6/116     AC:  8    Str: 13    XL:     12   Next: 12%
Magic:  9/22       EV: 13    Int: 19    God:    Makhleb [*****.]
Gold:   472        SH:  0    Dex: 15    Spells: 5 memorised, 12 levels left

rFire  x . .     SeeInvis .       - Unarmed
rCold  + + +     Gourm    .     (armour unavailable)
rNeg   . . .     Faith    .     (shield currently unavailable)
rPois  +         Spirit   .     (helmet currently unavailable)
rElec  +         Dismiss  .     (cloak currently unavailable)
rCorr  .         Reflect  .     (gloves currently unavailable)
SustAt .         Harm     .     (boots currently unavailable)
MR     .....     Rnd*Rage +     G - amulet of regeneration
Stlth  ++........               z - +2 ring of protection
                                I - ring of Ascent {Wiz rElec}

@: ice-form, very slightly contaminated, regenerating, not resistant to hostile
enchantments, unstealthy
A: (breathe lightning), unfitting armour, (horns 0), (talons 0), agile 1,
berserk 1, clever 1, low mp 1, (electricity resistance), (cold-blooded), AC +8
a: End Transformation, Minor Destruction, Lesser Servant of Makhleb, Major
Destruction, Greater Servant of Makhleb, Renounce Religion


You were on level 2 of the Lair of Beasts.
You worshipped Makhleb.
Makhleb was extremely pleased with you.
You were not hungry.
You were a creature of crystalline ice.
You visited 3 branches of the dungeon, and saw 14 of its levels.

You collected 862 gold pieces.
You spent 390 gold pieces at shops.

Inventory:

Hand Weapons
 t - the +3 mace of Variability {chaos}
   (You found it on level 6 of the Dungeon)

   Each time it hits an enemy it has a different, random effect.
Missiles
 a - 231 arrows
 F - 2 throwing nets (quivered)
Armour
 e - a +0 pair of boots (melded)
 y - a +0 cloak (melded)
Jewellery
 l - an uncursed ring of protection from cold {unknown}
 q - an uncursed ring of wizardry
 w - an uncursed ring of fire
 z - a +2 ring of protection (right front paw)
 B - a +3 ring of strength
 G - an amulet of regeneration (around neck)
 I - the ring of Ascent (left front paw) {Wiz rElec}
   (You found it on level 8 of the Dungeon)

   [ring of wizardry]

   It improves your spell success rate.
   It insulates you from electricity.
 M - an uncursed ring of flight {unknown}
Wands
 f - a wand of confusion (20/48)
 j - a wand of teleportation (2/9)
 m - a wand of polymorph (11/24)
 E - a wand of confusion (30/48)
 N - a wand of teleportation (2/9)
 O - a wand of polymorph (16/24)
 S - a wand of flame (15/48)
Scrolls
 d - 6 scrolls of random uselessness
 i - 3 scrolls of magic mapping
 o - 10 scrolls of identify
 s - 2 scrolls of enchant weapon
 u - 9 scrolls of teleportation
 v - 2 scrolls of remove curse
 A - 2 scrolls of noise
 H - 3 scrolls of enchant armour
 Q - a scroll of amnesia
Potions
 h - a potion of lignification
 k - 3 potions of might
 n - 3 potions of berserk rage
 r - 2 potions of flight
 C - 3 potions of brilliance
 J - a potion of cure mutation
 R - a potion of ambrosia
Books
 b - a book of Changes

   Spells                             Type                      Level
   a - Beastly Appendage              Transmutation                1
   b - Sticks to Snakes               Transmutation                2
   c - Spider Form                    Transmutation/Poison         3
   d - Ice Form                       Ice/Transmutation            4
   e - Blade Hands                    Transmutation                5
 x - a book of Necromancy

   Spells                             Type                      Level
   a - Pain                           Necromancy                   1
   b - Animate Skeleton               Necromancy                   1
   c - Vampiric Draining              Necromancy                   3
   d - Regeneration                   Charms/Necromancy            3
   e - Animate Dead                   Necromancy                   4
   f - Control Undead                 Necromancy                   4
 K - a book of the Warp

   Spells                             Type                      Level
   a - Recall                         Summoning/Translocation      3
   b - Gell's Gravitas                Hexes/Translocation          3
   c - Force Lance                    Conjuration/Translocation    4
   d - Warp Weapon                    Charms/Translocation         5
   e - Summon Forest                  Summoning/Translocation      5
 L - a Grand Grimoire

   Spells                             Type                      Level
   a - Monstrous Menagerie            Summoning                    7
   b - Summon Greater Demon           Summoning                    7
   c - Malign Gateway                 Summoning/Translocation      7
   d - Summon Horrible Things         Summoning                    8
Comestibles
 c - 11 bread rations
 g - 10 beef jerkies
 p - 2 meat rations
 D - 15 fruits
 P - 2 chunks of flesh


   Skills:
 + Level 6.4 Fighting
 + Level 6.1 Dodging
 - Level 0.6 Stealth
 + Level 8.6 Unarmed Combat
 * Level 9.4 Spellcasting
 + Level 2.7 Charms
 * Level 10.4 Transmutations
 - Level 1.2 Poison Magic
 + Level 7.3 Invocations


You had 12 spell levels left.
You knew the following spells:

 Your Spells              Type           Power        Failure   Level  Hunger
a - Blade Hands           Tmut           #####.....   1%          5    #####..
b - Sticks to Snakes      Tmut           #####...     1%          2    None
c - Spider Form           Tmut/Pois      ####......   1%          3    None
d - Ice Form              Ice/Tmut       ####....     4%          4    ###....
e - Regeneration          Chrm/Necr      ##........   6%          3    None


Dungeon Overview and Level Annotations

Branches:
Dungeon (11/15)            Temple (1/1) D:4            Lair (2/6) D:11
  Swamp: Lair:2-4    Shoals: Lair:2-4     Snake: Lair:2-4    Spider: Lair:2-4
    Orc: D:9-12

Altars:
Ashenzari
Cheibriados
Dithmenos
Elyvilon
Fedhas
Gozag
Hepliaklqana
Kikubaaqudgha
Makhleb
Nemelex Xobeh
Okawaru
Pakellas
Qazlal
Ru
Sif Muna
Trog
Uskayaw
Vehumet
Xom
Yredelemnul
Zin
The Shining One

Shops:
D:7 =   D:10 %


Innate Abilities, Weirdness & Mutations

((You can breathe wild blasts of lightning.))
((Your glossy black scales are hard. (AC +8)))
Your body does not fit into most forms of armour.
((You are resistant to electric shocks. (rElec)))
((You are cold-blooded and may be slowed by cold attacks.))
((You have a pair of small horns on your head.))
((You have sharp toenails.))
You are agile. (Dex +2)
You tend to lose your temper in combat.
Your mind is acute. (Int +2)
Your magical capacity is low. (-10% MP)


Message History

The seven-headed hydra completely misses you.
The seven-headed hydra bites you!
You hit the seven-headed hydra but do no damage.
The seven-headed hydra is moderately wounded.
You hit the seven-headed hydra.
The seven-headed hydra seems to slow down.
You freeze the seven-headed hydra.
The seven-headed hydra is moderately wounded.
The seven-headed hydra bites you. The seven-headed hydra bites you!
The seven-headed hydra barely misses you.
The seven-headed hydra closely misses you.
The seven-headed hydra bites you but does no damage.
The seven-headed hydra bites you!
* * * LOW HITPOINT WARNING * * *
The seven-headed hydra bites you!
* * * LOW HITPOINT WARNING * * *
The yak gores you!
* * * LOW HITPOINT WARNING * * *
The yak gores you!
You die...

......#####..P..#...##.#.
..........................
. ..#....P....#P..P#P..##PP
.. ... ....................
[..#..#..###.#####..#..P#..
..#..####..####..P##.....
.........[...........<.
..P#.#.##YY#...P.P##..P.P.P
......YD..Y................
#...##Y####.P.##.##.#.###P.
# ## ############# ###


You could see a seven-headed hydra and 4 yaks.

Vanquished Creatures
  2 hydras
  A hill giant (D:11)
  The ghost of Rationalist the Shield-Bearer, a novice FoFi (D:6)
  Pikel (D:8)
  A spiny frog (Lair:2)
  Psyche (D:9)
  2 komodo dragons
  A centaur skeleton (D:10)
  A troll (D:10)
  A two-headed ogre (D:10)
  Prince Ribbit (D:7)
  4 blink frogs (Lair:2)
  2 wyverns
  12 yaks
  3 hippogriffs
  Grum (D:9)
  3 vampire mosquitoes (D:10)
  3 insubstantial wisps (D:10)
  Edmund (D:4)
  10 water moccasins
  5 porcupines
  Duvessa (D:7)
  2 orc warriors
  A swamp drake (D:10)
  3 ice beasts
  3 sky beasts
  2 phantoms
  3 wolves
  6 centaurs
  9 ogres
  2 crocodiles
  3 big kobolds
  A wyvern zombie (D:10)
  9 giant frogs
  Dowan (D:7)
  A gnoll sergeant (D:6)
  3 scorpions
  5 killer bees (D:8)
  8 howler monkeys
  2 centaur zombies
  9 crimson imps
  A giant frog zombie (D:5)
  2 wasp zombies
  5 jellies
  Crazy Yiuf (D:4)
  6 orc priests
  3 gnoll shamans (D:6)
  8 hounds
  3 orc wizards (D:9)
  Ijyb (D:2)
  Jessica (D:2)
  Natasha (thrice) (D:2)
  6 iguanas
  11 worker ants
  A killer bee zombie (D:6)
  2 hound zombies
  A worker ant zombie (D:6)
  A howler monkey skeleton (D:10)
  9 gnolls
  12 adders
  An ooze (D:2)
  3 adder skeletons
  2 dart slugs (D:1)
  4 worms
  3 giant geckos
  27 orcs
  A ball python (D:6)
  6 giant cockroaches
  9 goblins
  16 hobgoblins
  4 jackals (D:4)
  32 kobolds
  5 quokkas
  A ball python skeleton (D:4)
  5 bats
  6 giant newts
  A quokka zombie (D:5)
  4 rats
338 creatures vanquished.

Vanquished Creatures (collateral kills)
  A gnoll sergeant (D:6)
1 creature vanquished.

Vanquished Creatures (others)
  A troll (D:3)
  A vampire mosquito (D:10)
  A fungus (D:10)
  8 plants
11 creatures vanquished.

Grand Total: 350 creatures vanquished

Notes
Turn   | Place    | Note
-------+----------+-------------------------------------------
     0 | D:1      | epen the Draconian Transmuter began the quest for the Orb.
     0 | D:1      | Reached XP level 1. HP: 16/16 MP: 3/3
   337 | D:1      | Reached XP level 2. HP: 14/23 MP: 3/5
   739 | D:1      | Reached XP level 3. HP: 25/28 MP: 6/6
  1008 | D:1      | Learned a level 2 spell: Sticks to Snakes
  1012 | D:1      | Learned a level 3 spell: Spider Form
  1014 | D:2      | Noticed Ijyb
  1453 | D:2      | Reached XP level 4. HP: 33/35 MP: 3/7
  1574 | D:2      | Noticed Natasha
  1583 | D:2      | Killed Natasha
  1815 | D:2      | Killed Ijyb
  1901 | D:2      | Reached XP level 5. HP: 32/41 MP: 8/8
  1971 | D:2      | Noticed Natasha
  1982 | D:2      | Killed Natasha
  2247 | D:2      | Noticed Jessica
  2282 | D:2      | Killed Jessica
  2352 | D:2      | Noticed Natasha
  2357 | D:2      | Killed Natasha
  2692 | D:3      | Noticed an ogre
  2931 | D:3      | Reached XP level 6. HP: 26/50 MP: 6/10
  3234 | D:3      | Found an oddly glowing altar of Pakellas.
  3234 | D:3      | Noticed a troll
  3247 | D:3      | Killed a troll
  3248 | D:3      | Noticed a toenail golem
  3402 | D:4      | Found a shimmering altar of Xom.
  3433 | D:4      | Reached skill level 1 in Poison Magic
  3566 | D:4      | You fall through a shaft for 2 floors!
  3649 | D:5      | Entered Level 5 of the Dungeon
  3709 | D:5      | Reached skill level 5 in Unarmed Combat
  3709 | D:5      | Your scales start taking on a glossy black colour.
  3709 | D:5      | Reached XP level 7. HP: 22/57 MP: 11/11
  3709 | D:5      | Gained mutation: You are resistant to electric shocks. (rElec) [Black Draconian growth]
  3899 | D:5      | Learned a level 5 spell: Blade Hands
  3921 | D:5      | Reached skill level 3 in Transmutations
  3978 | D:4      | Found a staircase to the Ecumenical Temple.
  3987 | Temple   | Entered the Ecumenical Temple
  4198 | Temple   | Became a worshipper of Makhleb the Destroyer
  4497 | D:4      | Noticed Edmund
  4518 | D:4      | Killed Edmund
  5187 | D:4      | Reached skill level 4 in Transmutations
  5265 | D:4      | Found a runed door.
  5315 | D:4      | Noticed Crazy Yiuf
  5322 | D:4      | Killed Crazy Yiuf
  5409 | D:5      | Found a shattered altar of Ashenzari.
  5472 | D:5      | Reached XP level 8. HP: 59/66 MP: 12/14
  5653 | D:5      | Reached skill level 1 in Invocations
  6108 | D:5      | Found a shattered altar of Ashenzari.
  6644 | D:6      | Reached * piety under Makhleb
  6704 | D:6      | Found a hide-covered altar of Uskayaw.
  6706 | D:6      | Found a deep blue altar of Sif Muna.
  6709 | D:6      | Found a basalt altar of Yredelemnul.
  6995 | D:6      | Noticed Rationalist's ghost (novice FoFi)
  7014 | D:6      | Reached skill level 5 in Transmutations
  7369 | D:6      | HP: 3/66 [poisoned by a worker ant]
  7374 | D:6      | HP: 2/66 [poisoned by a worker ant]
  7379 | D:6      | HP: 1/66 [poisoned by a worker ant]
  7387 | D:6      | HP: 1/66 [poisoned by a worker ant]
  7746 | D:6      | Found a bloodstained altar of Trog.
  7799 | D:6      | Reached skill level 5 in Spellcasting
  8474 | D:6      | Reached XP level 9. HP: 71/71 MP: 10/17
  8490 | D:6      | Reached ** piety under Makhleb
  8873 | D:6      | Reached skill level 6 in Transmutations
  9007 | D:6      | Killed Rationalist's ghost
  9429 | D:7      | Reached skill level 7 in Transmutations
  9580 | D:7      | Found Poarch's Jewellery Shop.
  9583 | D:7      | Bought an uncursed ring of wizardry for 390 gold pieces
  9752 | D:7      | Found an iron altar of Okawaru.
  9761 | D:7      | Noticed Prince Ribbit
  9769 | D:7      | Killed Prince Ribbit
  9815 | D:7      | Learned a level 4 spell: Ice Form
  9819 | D:7      | Learned a level 3 spell: Regeneration
  9858 | D:7      | Found a glowing silver altar of Zin.
  9877 | D:7      | Noticed Duvessa
  9877 | D:7      | Noticed Dowan
  9881 | D:7      | Killed Duvessa
  9881 | D:7      | Reached skill level 5 in Invocations
  9887 | D:7      | Killed Dowan
 10003 | D:7      | Reached XP level 10. HP: 58/78 MP: 20/20
 10194 | D:8      | Reached *** piety under Makhleb
 10274 | D:8      | Got a shimmering pewter ring
 10276 | D:8      | Identified the ring of Ascent {Wiz rElec} (You found it on level 8 of the Dungeon)
 10289 | D:8      | Reached skill level 8 in Transmutations
 10503 | D:8      | Found a radiant altar of Vehumet.
 10504 | D:8      | Found a sacrificial altar of Ru.
 10504 | D:8      | Found a blossoming altar of Fedhas.
 10530 | D:8      | Reached **** piety under Makhleb
 10675 | D:8      | Noticed Pikel
 10683 | D:8      | Killed Pikel
 10879 | D:8      | Gained mutation: You have a pair of small horns on your head. [potion of mutation]
 10879 | D:8      | Gained mutation: Your magical capacity is low. (-10% MP) [potion of mutation]
 10879 | D:8      | Gained mutation: You tend to lose your temper in combat. [potion of mutation]
 10880 | D:8      | Gained mutation: You have sharp toenails. [potion of mutation]
 10880 | D:8      | Gained mutation: Your mind is acute. (Int +2) [potion of mutation]
 10880 | D:8      | Gained mutation: You are agile. (Dex +2) [potion of mutation]
 10921 | D:9      | Noticed Grum
 11302 | D:9      | Noticed Psyche
 11307 | D:9      | Killed Psyche
 11364 | D:9      | Found a stormy altar of Qazlal.
 11470 | D:9      | Killed Grum
 11473 | D:9      | Reached skill level 9 in Transmutations
 11636 | D:9      | Reached skill level 5 in Fighting
 11901 | D:10     | Entered Level 10 of the Dungeon
 11901 | D:10     | Found Iduunet's Food Shoppe.
 11934 | D:10     | Reached skill level 5 in Dodging
 11935 | D:10     | Reached ***** piety under Makhleb
 12020 | D:10     | Reached skill level 1 in Charms
 12036 | D:10     | Reached XP level 11. HP: 86/86 MP: 20/20
 12650 | D:11     | Found a staircase to the Lair.
 12684 | D:11     | Noticed a hill giant
 12695 | D:11     | Killed a hill giant
 12765 | D:11     | Noticed a cyan ugly thing
 12781 | Lair:1   | Entered Level 1 of the Lair of Beasts
 12912 | Lair:1   | HP: 2/89 [yak (8)]
 13395 | Lair:1   | Noticed an eight-headed hydra
 13404 | Lair:1   | Killed an eight-headed hydra
 13927 | Lair:2   | Reached skill level 10 in Transmutations
 13966 | Lair:2   | Noticed an eight-headed hydra
 14171 | Lair:2   | Killed an eight-headed hydra
 14202 | Lair:2   | Reached XP level 12. HP: 97/97 MP: 17/22
 14567 | Lair:2   | Noticed a seven-headed hydra
 14581 | Lair:2   | Mangled by a yak

Vault maps used:
D:1:      minmay_arrival_loop, hex_intersection
D:2:      minmay_misc_feat_room, minmay_misc_feat_x, uniq_iyjb, uniq_jessica,
          uniq_natasha
D:3:      gammafunk_pakellas_its_alive
D:4:      overflow_temple_1_default, first_bread, uniq_edmund,
          uniq_crazy_yiuf_cottage
D:5:      lemuel_coloured_pillars_altar, cheibrodos_ashenzari_chains
D:6:      kennysheep_housing_project, kennysheep_little_box, minitemple
D:7:      zin_academy, serial_shops, kennysheep_mini_moat, grunt_ogre_cave,
          david_defended_altar_orc, uniq_prince_ribbit1, uniq_duvessa
D:8:      grunt_temple_overflow_open, st_stairs_13, uniq_pikel
D:9:      grunt_qazlal_clouds, minmay_orc_keep, uniq_grum, uniq_psyche
D:10:     serial_shops, shop, pond
D:11:     lair_0_dummy
Temple:   minmay_temple_curvy_loop
Lair:2:   grunt_megastairs_2

Skill      XL: |  1  2  3  4  5  6  7  8  9 10 11 |
---------------+----------------------------------+-----
Dodging        | 2 3 4 5 6 |  6.1
Unarmed Combat | 4 5 6 7 8 |  8.6
Fighting       | 2 3 5 6 |  6.4
Poison Magic   | 1 |  1.2
Spellcasting   | 4 5 6 8 9 |  9.4
Transmutations | 4 5 7 9 10 | 10.4
Invocations    | 3 5 6 7 |  7.3
Charms         | 1 2 |  2.7
Stealth        | |  0.6

Action                   |  1- 3 |  4- 6 |  7- 9 | 10-12 || total
-------------------------+-------+-------+-------+-------++-------
Melee: Unarmed           |   152 |   197 |   530 |   518 ||  1397
       Tailslap          |     9 |    17 |    45 |    48 ||   119
       Headbutt          |     2 |       |       |    58 ||    60
       Punch             |     3 |     1 |     6 |    11 ||    21
       Kick              |     3 |       |       |       ||     3
 Cast: Beastly Appendage |     5 |       |       |       ||     5
       Spider Form       |     2 |     6 |    23 |       ||    31
       Sticks to Snakes  |       |       |     6 |       ||     6
       Blade Hands       |       |       |     7 |    42 ||    49
       Regeneration      |       |       |       |    12 ||    12
       Ice Form          |       |       |       |     4 ||     4
 Abil: Breathe Lightning |       |       |     3 |     5 ||     8
  Use: Scroll            |       |     8 |     2 |     9 ||    19
       Potion            |       |       |     6 |     4 ||    10
 Stab: Confused          |       |       |     1 |       ||     1
       Sleeping          |       |       |       |     2 ||     2
       Distracted        |       |       |       |     1 ||     1
  Eat: Chunk             |     3 |     8 |    11 |    18 ||    40
       Pizza             |       |       |     1 |       ||     1
       Meat ration       |       |       |     3 |     2 ||     5
Armor: Skin              |    44 |    47 |   112 |   145 ||   348
Dodge: Dodged            |    75 |   126 |   415 |   395 ||  1011
